Map: [ESL] Dynasty

Players

uThermal

  • Race: Terran Terran
  • Spawn Location: 1:00

Harstem - Winner!

  • Race: Protoss Protoss
  • Spawn Location: 7:00

Event: ESL SC2 Masters 2024 Spring (Regional)

VOD

Have the link to the VOD?

Description

Time

  • Played on: April 10, 2024, 1:37 p.m.
  • Length: 8:10

All games in this series

Show
View Real Time Build Order
Export as new Build Order

uThermal Terran 

Build Orders:  

Get SALT Encoding   

  12  0:00  SCV  
  13  0:12  SCV  
  14  0:16  Supply Depot  
  14  0:24  SCV  
  15  0:38  SCV  
  15  0:39  Barracks  
  16  0:43  Refinery  
  16  0:50  SCV  
  16  0:52  Refinery  
  17  1:02  SCV  
  18  1:14  SCV  
  19  1:26  Orbital Command, Reaper  
  19  1:28  Supply Depot  
  20  1:42  Factory  
  20  1:52  SCV  
  21  2:03  Barracks Reactor  
  21  2:04  SCV  
  22  2:16  Command Center  
  22  2:21  SCV  
  23  2:26  Hellion  
  25  2:32  Supply Depot  
  25  2:33  SCV  
  26  2:39  Reaper x2  
  28  2:46  SCV  
  28  2:47  Hellion  
  31  2:56  Starport  
  31  2:58  SCV  
  32  3:10  SCV  
  32  3:11  Factory Tech Lab, Marine x2  
  35  3:22  SCV  
  36  3:30  Marine x2, Orbital Command  
  38  3:34  SCV  
  38  3:38  Orbital Command  
  39  3:45  Factory Tech Lab  
  39  3:47  SCV  
  42  3:50  Viking  
  42  3:51  Marine  
  42  3:55  Bunker  
  40  3:59  SCV  
  41  4:03  SCV  
  41  4:05  Siege Tank  
  41  4:07  Marine  
  41  4:09  Marine  
  46  4:11  SCV  
  46  4:15  SCV, Supply Depot  
  48  4:20  Raven  
  48  4:23  SCV  
  51  4:26  Barracks  
  51  4:27  SCV  
  52  4:32  Marine  
  52  4:33  Marine  
  52  4:35  Barracks  
  52  4:36  SCV  
  55  4:40  SCV  
  55  4:41  Supply Depot  
  56  4:49  SCV  
  56  4:50  Marine  
  56  4:51  Factory Reactor, Marine  
  59  4:53  SCV, Engineering Bay  
  58  5:01  SCV  
  58  5:05  SCV  
  59  5:08  Refinery, Marine  
  59  5:09  Marine  
  59  5:13  SCV  
  62  5:17  Starport Reactor, Supply Depot  
  62  5:18  Terran Infantry Weapons Level 1  
  62  5:19  Barracks  
  62  5:22  Barracks  
  62  5:26  Marine  
  62  5:28  SCV  
  64  5:29  Widow Mine x2, Missile Turret  
  64  5:30  Marine  
  64  5:32  SCV  
  66  5:36  Marine  
  66  5:38  Marine  
  66  5:40  SCV  
  66  5:42  Stimpack  
  69  5:45  Combat Shield  
  69  5:49  SCV  
  70  5:52  SCV  
  70  5:54  Widow Mine x2  
  70  5:55  Marine  
  76  6:02  SCV  
  76  6:03  Supply Depot, Marine x2  
  77  6:09  Barracks Tech Lab x2  
  74  6:12  Marine  
  74  6:18  Widow Mine x2  
  78  6:25  Marauder  
  80  6:27  Command Center, Marine  
  80  6:28  Medivac  
  80  6:32  Marine  
  83  6:34  Marine  
  83  6:36  Marine x2  
  85  6:43  Supply Depot  
  85  6:45  Marine  
  85  6:46  Widow Mine x2  
  90  6:52  Supply Depot, Marine  
  90  6:54  SCV  
  90  6:58  SCV  
  88  7:02  Marine x2  
  88  7:03  Marauder  
  82  7:10  Widow Mine x2  
  82  7:12  SCV  
  82  7:13  SCV  
  88  7:17  Missile Turret  
  88  7:18  Marine  
  88  7:19  Marauder  
  90  7:24  SCV  
  90  7:25  Medivac  
  90  7:29  Marine  
  93  7:30  Marine  
  93  7:33  Marine  
  93  7:35  SCV  
  97  7:37  SCV  
  97  7:45  Marine  
  97  7:47  SCV  
  99  8:02  Supply Depot  
Show
View Real Time Build Order
Export as new Build Order

Harstem Protoss - Winner!

Build Orders: 1 Gate Expand, Phoenix Opening 

Get SALT Encoding   

  12  0:00  Probe  
  13  0:12  Probe  
  14  0:17  Pylon  
  14  0:24  Probe  
  15  0:35  Gateway  
  15  0:37  Probe (Chrono Boost)  
  16  0:46  Probe (Chrono Boost)  
  16  0:47  Assimilator  
  17  0:51  Probe (Chrono Boost)  
  18  1:03  Probe  
  19  1:15  Probe  
  20  1:22  Cybernetics Core  
  20  1:32  Nexus  
  20  1:35  Probe  
  21  1:42  Pylon  
  21  1:47  Probe  
  21  1:51  Assimilator  
  22  1:57  Adept (Chrono Boost)  
  22  2:00  Probe  
  25  2:12  Probe  
  26  2:17  Adept (Chrono Boost)  
  28  2:24  Probe  
  29  2:32  Stargate  
  29  2:36  Shield Battery  
  29  2:37  Probe  
  30  2:42  Warp Gate  
  30  2:44  Probe  
  30  2:48  Stalker  
  30  2:49  Probe  
  34  2:56  Probe  
  35  3:01  Probe  
  36  3:08  Pylon  
  36  3:11  Probe  
  37  3:14  Phoenix (Chrono Boost)  
  37  3:16  Probe  
  40  3:20  Gateway  
  40  3:23  Probe  
  41  3:29  Probe  
  41  3:30  Phoenix  
  44  3:35  Probe  
  44  3:41  Probe  
  45  3:47  Probe  
  45  3:53  Probe  
  45  3:54  Phoenix (Chrono Boost)  
  48  3:59  Probe  
  49  4:03  Pylon  
  49  4:05  Probe  
  50  4:11  Probe  
  50  4:12  Phoenix  
  53  4:23  Nexus  
  53  4:24  Probe  
  53  4:25  Pylon  
  53  4:26  Probe  
  55  4:37  Probe  
  55  4:38  Twilight Council, Probe  
  56  4:39  Phoenix  
  56  4:43  Pylon  
  59  4:46  Assimilator  
  59  4:48  Zealot  
  59  4:49  Probe  
  59  4:51  Probe  
  63  5:02  Probe (Chrono Boost)  
  63  5:03  Probe (Chrono Boost), Forge  
  65  5:11  Gateway  
  65  5:12  Charge (Chrono Boost), Probe (Chrono Boost)  
  65  5:13  Probe (Chrono Boost), Gateway  
  67  5:17  Probe (Chrono Boost)  
  67  5:18  Probe (Chrono Boost)  
  69  5:25  Sentry  
  69  5:27  Pylon  
  71  5:34  Probe  
  71  5:35  Probe  
  73  5:36  Probe  
  73  5:40  Stalker  
  75  5:43  Protoss Ground Armor Level 1 (Chrono Boost)  
  75  5:45  Phoenix  
  75  5:48  Gateway  
  77  5:50  Probe  
  77  5:51  Gateway  
  77  5:52  Probe  
  80  5:59  Gateway  
  80  6:00  Gateway  
  80  6:01  Probe  
  80  6:02  Sentry  
  82  6:12  Gateway  
  82  6:13  Pylon, Phoenix  
  82  6:15  Gateway  
  82  6:16  Zealot  
  86  6:19  Zealot x2  
  86  6:23  Pylon  
  90  6:27  Probe  
  90  6:29  Zealot  
  90  6:32  Pylon  
  93  6:38  Zealot, Phoenix  
  97  6:40  Zealot  
  99  6:47  Zealot x2  
  99  6:50  Probe x2  
  99  6:54  Zealot x2  
  99  6:59  Probe  
  102  7:02  Zealot x3  
  102  7:03  Probe  
  102  7:07  Probe  
  106  7:10  Zealot x2  
  110  7:17  Zealot, Sentry, Robotics Facility  
  114  7:23  Probe  
  114  7:24  Zealot x2  
  119  7:34  Zealot x3  
  125  7:38  Pylon  
  125  7:46  Probe  
  125  7:50  Pylon  
  118  7:56  Zealot x8  
  110  8:08  Stalker x2  
Tags
 
Add a new tag
Caveats
  • Supply blocks, unpowered buildings, or Contaminate may cause inaccurate times.
  • Supply counts are checked every 10 seconds.